 Dungeon Sprint DCSS version 0.31-a0-656-gb4d89c20fa (webtiles) character file.

Game seed: 1029557307575774447

292 rocky1 the Grappler (level 6, -6/42 HPs)
             Began as a Djinni Shapeshifter on Aug 31, 2023.
             Was an Initiate of Gozag.
             Mangled by a spatial vortex (25 damage)
             ... in the Dungeon (Sprint III: "The Ten Rune Challenge").
             The game lasted 00:02:12 (772 turns).

rocky1 the Grappler (Djinni Shapeshifter)            Turns: 772, Time: 00:02:12

Health: -6/42      AC:  5    Str: 15    XL:     6   Next: 59%
Gold:   18         EV: 12    Int: 11    God:    Gozag SH:  0 Dex: 13

rFire   + +          +
                       - Unarmed
rCold   x . .        (no shield)
rNeg    . . .        j - +0 ring mail
rPois   ∞            (helmet currently unavailable)
rElec   .            (cloak currently unavailable)
rCorr   .            (gloves currently unavailable)
SInv    .            (boots unavailable)
Will    .....        (no amulet)
Stlth   +            (no ring)
HPRegen 0.27/turn    (no ring)
MPRegen 0.00/turn

%: no teleportation, clarity, infuse magic (-7 HP)
@: beast-form, flying
A: beast (slay +4), flying, sickness immunity, fire resistance 3, cold
vulnerability 1, float, innate caster, HP casting, extra vitality 1, clarity
a: Begin Untransformation, Renounce Religion, Potion Petition, Call Merchant,
Bribe Branch


You were in the Dungeon.
You worshipped Gozag.
Gozag was noncommittal.
You were a hulking beast.
You visited 1 branch You collected 18 gold pieces.

Inventory:

Armour
 a - a +0 animal skin
 j - a +0 ring mail (worn)
Talismans
 c - a beast talisman (active)
 d - a flux talisman
Scrolls
 i - a scroll of blinking
 k - 2 scrolls of immolation {unknown}
 l - 4 scrolls of identify
Potions
 b - 4 potions of mutation
 e - a potion of curing
 f - a potion of heal wounds
 g - a potion of haste
 m - 4 potions of enlightenment
Miscellaneous
 h - a lightning rod (4/4)


   Skills:
 + Level 1.4 Fighting
 + Level 1.7 Armour
 + Level 4.7 Dodging
 + Level 1.3 Stealth
 + Level 9.2 Unarmed Combat
 + Level 7.2 Shapeshifting


You knew the following spells:

 Your Spells              Type           Power      Damage    Failure   Level
a - Magic Dart            Conj           0%         1d3       56%         1
b - Call Imp              Summ           0%         N/A       71%         2
Your spell library was empty.

Dungeon Overview and Level Annotations

Branches:
Dungeon (1/1)

Altars:
Cheibriados
Fedhas
Gozag
Hepliaklqana
Makhleb
Nemelex Xobeh
Qazlal
Xom
Jiyva
Lugonu


Innate Abilities, Weirdness & Mutations

You are a hulking beast.
Your limbs bulge with bestial killing power. (Slay +4)
You are flying.
You are immune to sickness and miasma.
You are immune to poison.
Your flesh is almost immune to the effects of heat. (rF+++)
You are vulnerable to cold. (rC-)
You float through the air rather than walking.
You learn spells naturally, not from books.
Your magical power is your life essence.
You have superior vitality. (+4 MHP)
You possess an exceptional clarity of mind.


Message History

Okay, then.
There is a sparkling altar of Nemelex Xobeh here.
You see here a lightning rod (4/4).
h - a lightning rod (4/4)
The spatial vortex hits you!
Okay, then.
You hit the spatial vortex. Your punch misses the spatial vortex.
The spatial vortex is lightly damaged.
Unknown command.
Press < or > to pray at altars.
There is a shimmering altar of Xom here.
There is a hazy altar of Hepliaklqana here.
The spatial vortex closely misses you.
There is an opulent altar of Gozag here.
You hover solemnly before the altar of Gozag.
Gozag welcomes you!
Gozag waives the service fee.
There is a hazy altar of Hepliaklqana here.
The spatial vortex hits you!!
Ouch! That really hurt!
* * * LOW HITPOINT WARNING * * *
Space warps around you.
* * * LOW HITPOINT WARNING * * *
There is a snail-covered altar of Cheibriados here.
There is an open door here.
You reach down and close the door.
You start resting.
You start resting.
HP restored.
You start waiting.
Done waiting.
You reach down and open the door.
There is an open door here.
There is a blossoming altar of Fedhas here.
The spatial vortex hits you!!
Ouch! That really hurt!
Space warps horribly around you!!
Ouch! That really hurt!
You die...
Your body crumbles into a pile of gold.

.....#..#..#
##...#..#..###+#+###+##
###..##'#..#..........#
.##..###...'.⌠........#
##.)####...#...######'#
##..###....#.⌠.#__#...#
#...##.....#...#__#...#
....#......#+###v_#...#
..##÷#.....# #h_#...+
.. ####....# #__'...#
▓▓ ▓▓▓▓▓▓ ▓▓▓▓▓▓▓▓


You could see a spatial vortex.

Vanquished Creatures
  A shadow (D)
  A water elemental (D)
  A jelly (D)
  Jessica (D)
  A human (D)
  A phantom (D)
  An endoplasm (D)
  2 rats (D)
9 creatures vanquished.

Notes
Turn   | Place    | Note
-------+----------+-------------------------------------------
     0 | D        | rocky1 the Djinni Shapeshifter began the quest for the Orb.
     0 | D        | Reached XP level 1. HP: 17/17 MP: 0/0
    58 | D        | Noticed Jessica
    63 | D        | Killed Jessica
    64 | D        | Reached skill level 4 in Unarmed Combat
    64 | D        | Reached XP level 2. HP: 21/22 MP: 0/0
    64 | D        | Reached XP level 3. HP: 26/27 MP: 0/0
    64 | D        | Learned a level 1 spell: Magic Dart
    79 | D        | Reached skill level 5 in Unarmed Combat
   122 | D        | Reached XP level 4. HP: 31/32 MP: 0/0
   141 | D        | Gained mutation: Your flesh is almost immune to the effects
                  | of heat. (rF+++) [potion of mutation]
   141 | D        | Gained mutation: You possess an exceptional clarity of
                  | mind. [potion of mutation]
   148 | D        | Noticed a water elemental
   151 | D        | Killed a water elemental
   152 | D        | Reached skill level 6 in Unarmed Combat
   152 | D        | Reached skill level 5 in Shapeshifting
   152 | D        | Reached XP level 5. HP: 37/37 MP: 0/0
   152 | D        | Learned a level 2 spell: Call Imp
   301 | D        | Reached skill level 1 in Stealth
   301 | D        | Reached skill level 7 in Unarmed Combat
   502 | D        | Noticed a shadow
   506 | D        | Killed a shadow
   507 | D        | Reached skill level 1 in Armour
   507 | D        | Reached skill level 9 in Unarmed Combat
   507 | D        | Reached XP level 6. HP: 37/42 MP: 0/0
   528 | D        | Found a blossoming altar of Fedhas.
   528 | D        | Found a stormy altar of Qazlal.
   528 | D        | Found a snail-covered altar of Cheibriados.
   528 | D        | Found a burning altar of Makhleb.
   528 | D        | Found a shimmering altar of Xom.
   528 | D        | Noticed a spatial vortex
   529 | D        | Found a hazy altar of Hepliaklqana.
   529 | D        | Found an opulent altar of Gozag.
   529 | D        | Found a sparkling altar of Nemelex Xobeh.
   529 | D        | Found a corrupted altar of Lugonu.
   529 | D        | Found a viscous altar of Jiyva.
   538 | D        | Became a worshipper of Gozag Ym Sagoz the Greedy
   772 | D        | Mangled by a spatial vortex

Illustrated notes

Levels and vault maps discovered:
D:        dungeon_sprint_mu [sprint_mu_entry_cave, sprint_mu_temple_rooms,
          sprint_mu_d1_spiders, sprint_mu_d2_genie, sprint_mu_d3_branching,
          sprint_mu_orc_legion, sprint_mu_elf_gauntlet, sprint_mu_hive_nellie,
          sprint_mu_lair_fedhas, sprint_mu_vaults_butterflies,
          sprint_mu_slime_circle, sprint_mu_swamp_cave, sprint_mu_snake_twists,
          sprint_mu_blade_basic, sprint_mu_crypt_lich, sprint_mu_tomb_spiral,
          sprint_mu_vestibule_basic, sprint_mu_gehenna_hellfire,
          sprint_mu_dis_giant, sprint_mu_tartarus_statrot,
          sprint_mu_cocytus_islands, sprint_mu_zot1]

Skill      XL: |  1  2  3  4  5 |
---------------+----------------+-----
Shapeshifting  | 4 5 7 |  7.2
Unarmed Combat | 4 5 6 9 |  9.2
Dodging        | 3 4 |  4.7
Stealth        | 1 |  1.3
Armour         | 1 |  1.7
Fighting       | |  1.4

Action                     |  1- 3 |  4- 6 || total
---------------------------+-------+-------++-------
  Melee: Unarmed           |    21 |    10 ||    31
         Punch             |     1 |       ||     1
    Use: Potion            |     1 |     2 ||     3
   Stab: Sleeping          |     1 |       ||     1
 Armour: Ring mail         |     4 |       ||     4
         Skin              |     3 |       ||     3
  Dodge: Dodged            |     6 |     3 ||     9

Table legend: (Time is in decaauts)
 A = Elapsed time spent in this place.
 B = Non-inter-level travel time spent in this place.
 C = Inter-level travel time spent in this place.
 D = Time resting spent in this place.
 E = Time spent auto-exploring this place.
 F = Levels seen in this place.
 G = Mean time per level.
                   A        B        C        D        E       F      G
               +--------+--------+--------+--------+--------+-----+--------+
         Total |    775 |    775 |      0 |    590 |      6 |   1 |  775.0 |
       Dungeon |    775 |    775 |      0 |    590 |      6 |   1 |  775.0 |
               +--------+--------+--------+--------+--------+-----+--------+

Top non-repeatable levels by time:
       D: 775 daAuts
